 Dungeon Crawl Stone Soup version 0.29.0-5-ge4962eb29e (webtiles) character file.

Game seed: 16966885019449645181

5271 firemarshallily the Unseen (level 10, -4/71 HPs)
             Began as an Octopode Brigand on Aug 28, 2022.
             Was a High Priest of Uskayaw.
             Slain by a troll (14 damage)
             ... on level 9 of the Dungeon.
             The game lasted 01:00:32 (11708 turns).

firemarshallily the Unseen (Octopode Brigand)      Turns: 11708, Time: 01:00:33

Health: -4/71      AC:  1    Str: 11    XL:     10   Next: 62%
Magic:  10/10      EV: 13    Int: 20    God:    Uskayaw [*****.]
Gold:   200        SH:  0    Dex: 17    Spells: 9/9 levels left

rFire   . . .      SeeInvis .   h - +6 quick blade
rCold   + . .      Faith    .   (no shield)
rNeg    + . .      Spirit   .   (helmet restricted)
rPois   .          Reflect  .   (no amulet)
rElec   .          Harm     .   l - ring of resist corrosion
rCorr   +          Rampage  .   G - ring of Wuesotir {rC+ rN+ Will+ Int+6}
Will    +....                   (no ring)
Stlth   +++++++...              (no ring)
HPRegen 0.21/turn               (no ring)
MPRegen 0.12/turn               (no ring)
                                (no ring)
                                (no ring)

@: no status effects
A: almost no armour, amphibious, 8 rings, camouflage 1, gelatinous body 1,
(nimble swimmer 1), tentacles
a: Renounce Religion, Stomp, Line Pass, Grand Finale


You were on level 9 of the Dungeon.
You worshipped Uskayaw.
Uskayaw was noncommittal.
You visited 1 branch of the dungeon, and saw 9 of its levels.
You also visited: Sewer.

You collected 473 gold pieces.
You spent 273 gold pieces at shops.

Inventory:

Hand Weapons
 a - a +2 dagger of chaos
 e - a +2 dagger of speed
 h - a +6 quick blade (weapon)
 i - a +3 dagger of holy wrath
 v - a +0 dagger of electrocution
Missiles
 b - 35 poisoned darts (quivered)
 c - 2 curare-tipped darts
 k - 89 stones
 m - 12 javelins
Jewellery
 l - a ring of resist corrosion (left tentacle)
 y - a ring of fire
 G - the ring of Wuesotir (right tentacle) {rC+ rN+ Will+ Int+6}
   (You acquired it on level 8 of the Dungeon)

   [ring of intelligence]

   Int:       It affects your intelligence (+6).
   rC:        It protects you from cold.
   rN:        It protects you from negative energy.
   Will:      It increases your willpower.
Wands
 x - a wand of roots (3)
 A - a wand of paralysis (18)
 C - a wand of mindburst (9)
 F - a wand of quicksilver (9)
Scrolls
 g - 2 scrolls of teleportation
 n - a scroll of immolation {unknown}
 o - a scroll of amnesia {unknown}
 q - a scroll of noise {unknown}
 s - a scroll of magic mapping {unknown}
 u - 2 scrolls of vulnerability {unknown}
 w - 2 scrolls of fear
 H - a scroll of poison {unknown}
Potions
 d - 3 potions of ambrosia
 f - a potion of haste {unknown}
 j - 3 potions of magic
 p - 6 potions of attraction
 r - a potion of might
 t - 3 potions of lignification
 z - 3 potions of mutation {unknown}
 B - 2 potions of curing
 D - a potion of brilliance {unknown}
 E - a potion of invisibility {unknown}
 I - 2 potions of flight {unknown}


   Skills:
 + Level 7.5 Fighting
 - Level 8.0 Short Blades
 - Level 2.0 Throwing
 + Level 2.2 Dodging
 * Level 15.2 Stealth
 - Level 4.3 Evocations


You had 9 spell levels left.
You didn't know any spells.
Your spell library contained the following spells:

 Spells                   Type           Power      Damage    Failure   Level
 Shock                    Conj/Air       0%         1d3       19%         1
 Dazzling Flash           Conj/Hex       0%         N/A       50%         3
 Swiftness                Air            0%         N/A       50%         3
 Tukima's Dance           Hex            0%         N/A       50%         3
 Airstrike                Air            0%         2d(0-16)  88%         4
 Passage of Golubria      Tloc           0%         N/A       88%         4
 Agony                    Necr           0%         N/A       99%         5
 Silence                  Hex/Air        0%         N/A       99%         5
 Yara's Violent Unravell  Hex/Tmut       0%         3d3       99%         5


Dungeon Overview and Level Annotations

Branches:
Dungeon (9/15)             Temple (0/1) D:7           Sewer (visited)
   Lair: D:8-11         Orc: D:9-12

Altars:
Dithmenos
Elyvilon
Kikubaaqudgha
Okawaru
Trog
Uskayaw
Vehumet
Xom
Zin

Shops:
D:5 *   D:9 :

Annotations:
D:5 Grinder
D:8 lair


Innate Abilities, Weirdness & Mutations

You cannot wear most types of armour.
You are amphibious.
You can wear up to eight rings at the same time.
Your skin changes colour to match your surroundings (Stealth+).
Your rubbery body absorbs attacks. (AC +1, EV +1)
((You are camouflaged when in or above water. (Stealth+)))
You have tentacles for arms and can constrict up to eight enemies at once.


Message History

The troll is lightly wounded.
The troll bites you. The troll barely misses you. The troll closely misses you.
You hit the troll but do no damage.
The troll is lightly wounded.
You hit the troll but do no damage. Your squeeze misses the troll.
The troll is lightly wounded.
You hit the troll.
The troll is lightly wounded.
You closely miss the troll. Your squeeze misses the troll.
The troll is lightly wounded.
The troll bites you. The troll claws you. The troll claws you!
The gnoll attacks as you move away! The gnoll closely misses you.
Aiming: Paralyse
Press: ? - help, Shift-Dir - straight line, f - gnoll, p - troll
Aim: a gnoll, wielding a +0 flail (chance to affect: 68%)
The gnoll suddenly stops moving!
The troll misses you. The troll claws you.
* * * LOW HITPOINT WARNING * * *
The troll claws you!
* * * LOW HITPOINT WARNING * * *
The helpless gnoll fails to defend itself.
You perforate the gnoll like a sieve!!!!
You kill the gnoll!
Okay, then.
Press: ? - help, v - describe, . - travel, g - get item
Here: a troll (lightly wounded, poisoned)
Items here: a +0 whip; 4 poisoned darts.
The floor, spattered with blood.
You feel much better.
The troll looks more healthy.
The troll closely misses you. The troll claws you! The troll misses you.
You hit the troll but do no damage. You hit the troll.
You squeeze the troll, but do no damage.
The troll is lightly wounded.
The troll bites you. The troll claws you!
* * * LOW HITPOINT WARNING * * *
The troll claws you.
* * * LOW HITPOINT WARNING * * *
The kobold barely misses you.
You feel better. The troll bites you!
You die...

...#.......>###...
..##......#............#
..##...####.............
.........#.............
.....##g.............##
.......#......##......##
.......#.......#.......#
##.###K.....)..T...[...#
#. #..(..()()K@......#
##+# #......#######.....
##_+...#....#######...$#
###...........##....#
#...........##...##
#g....PPPP..##...# ..?
..........P..##..## #..
........_.P..##..#
..............P ...


You could see a troll and a kobold.

Vanquished Creatures
  A two-headed ogre (D:9)
  Prince Ribbit (D:6)
  Eustachio (D:4)
  A wyvern (D:9)
  A steam dragon (D:8)
  A water moccasin (D:7)
  Duvessa (D:6)
  A sky beast (D:7)
  3 orc warriors
  2 black bears (D:5)
  4 ogres
  A centaur (D:8)
  4 phantoms
  3 kobold brigands
  A necrophage (D:6)
  2 bullfrogs
  4 scorpions
  Dowan (D:6)
  5 wights (D:8)
  9 killer bees
  3 howler monkeys (D:7)
  4 hounds
  5 jellies
  3 orc priests
  A gnoll bouda (D:5)
  7 iguanas
  7 orc wizards
  A hell rat (Sewer)
  3 gnolls
  3 river rats (Sewer)
  5 adders
  3 shadow imps (D:7)
  6 white imps
  4 ufetubi (D:7)
  A worm (D:2)
  3 dart slugs
  16 orcs
  2 ball pythons
  8 endoplasms
  4 giant cockroaches
  3 hobgoblins
  7 jackals
  29 kobolds
  5 quokkas
  4 bats
  2 frilled lizards
  5 goblins
  18 rats
209 creatures vanquished.

Vanquished Creatures (collateral kills)
  An ice beast (D:5)
1 creature vanquished.

Vanquished Creatures (others)
  An ogre (D:5)
  A phantom (D:5)
  A scorpion (D:5)
  An orc priest (D:5)
  A hound (D:5)
  4 gnolls (D:5)
  An orc (D:5)
  A kobold (D:4)
  A quokka (D:5)
  A demonic plant (D:7)
  A fungus (D:6)
  56 plants
  5 withered plants (D:9)
75 creatures vanquished.

Grand Total: 285 creatures vanquished

Notes
Turn   | Place    | Note
-------+----------+-------------------------------------------
     0 | D:1      | firemarshallily the Octopode Brigand began the quest for
                  | the Orb.
     0 | D:1      | Reached XP level 1. HP: 14/14 MP: 1/1
   121 | D:1      | Reached XP level 2. HP: 11/19 MP: 2/2
   617 | D:1      | Found a faded altar of an unknown god.
   619 | D:1      | Prayed at the altar of an unknown god.
   619 | D:1      | Became a worshipper of Uskayaw the Reveller
   619 | D:1      | Reached * piety under Uskayaw
   656 | D:1      | Reached XP level 3. HP: 24/24 MP: 3/3
   657 | D:1      | Reached ** piety under Uskayaw
  1021 | D:2      | Reached skill level 6 in Stealth
  1650 | D:2      | Reached XP level 4. HP: 30/30 MP: 4/4
  2068 | D:3      | Found a shadowy altar of Dithmenos.
  2082 | D:3      | Reached *** piety under Uskayaw
  2083 | D:3      | Reached XP level 5. HP: 36/36 MP: 5/5
  2202 | D:3      | Reached skill level 7 in Stealth
  2206 | D:3      | Found a glowing drain.
  2210 | Sewer    | Entered a sewer
  2783 | D:3      | Reached XP level 6. HP: 28/42 MP: 6/6
  2905 | D:3      | Found a glowing silver altar of Zin.
  3482 | D:4      | Noticed Eustachio
  3730 | D:5      | Entered Level 5 of the Dungeon
  3730 | D:5      | Noticed an ice beast
  3949 | D:5      | Killed an ice beast
  3950 | D:5      | Reached skill level 8 in Stealth
  4150 | D:5      | Reached XP level 7. HP: 47/47 MP: 7/7
  4190 | D:5      | Reached skill level 5 in Short Blades
  4285 | D:5      | Reached skill level 9 in Stealth
  4572 | D:5      | Found a shimmering altar of Xom.
  4593 | D:5      | Reached XP level 8. HP: 27/54 MP: 8/8
  4902 | D:5      | Reached skill level 10 in Stealth
  5269 | D:5      | Noticed Grinder
  5274 | D:5      | Found Huoqoxzu's Assorted Antiques.
  5324 | D:5      | Bought a scroll of identify for 42 gold pieces
  5324 | D:5      | Bought a potion of heal wounds for 105 gold pieces
  5324 | D:5      | Bought a potion of curing for 63 gold pieces
  5324 | D:5      | Identified a scroll of acquirement
  5325 | D:5      | Acquired a +6 quick blade
  5560 | D:6      | Noticed Dowan
  5963 | D:6      | Noticed Prince Ribbit
  6116 | D:6      | Reached skill level 5 in Fighting
  6268 | D:6      | Reached skill level 11 in Stealth
  6486 | D:6      | Noticed Duvessa
  6491 | D:6      | Killed Dowan
  6492 | D:6      | Reached XP level 9. HP: 61/61 MP: 9/9
  6507 | D:6      | HP: 2/61 [Duvessa/+0 short sword (14)]
  6510 | D:6      | Killed Duvessa
  7083 | D:7      | Found an ancient bone altar of Kikubaaqudgha.
  7254 | D:7      | Found a white marble altar of Elyvilon.
  7559 | D:7      | Reached skill level 12 in Stealth
  7701 | D:7      | Found a staircase to the Ecumenical Temple.
  7860 | D:7      | Found a hide-covered altar of Uskayaw.
  8066 | D:4      | Reached skill level 1 in Evocations
  8215 | D:4      | Reached **** piety under Uskayaw
  8733 | D:4      | Killed Eustachio
  8734 | D:4      | Reached skill level 13 in Stealth
  8776 | D:5      | Bought a scroll of identify for 42 gold pieces
  8776 | D:5      | Bought a scroll labelled UTOENI VOROT for 21 gold pieces
  8834 | D:6      | Killed Prince Ribbit
  9238 | D:8      | Acquired the ring of Wuesotir {rC+ rN+ Will+ Int+6}
  9269 | D:8      | Reached XP level 10. HP: 69/69 MP: 10/10
  9684 | D:8      | Reached skill level 14 in Stealth
 10782 | D:8      | Found a bloodstained altar of Trog.
 11212 | D:9      | Found an iron altar of Okawaru.
 11215 | D:9      | Noticed an elephant
 11635 | D:9      | Found Welaepn's Book Emporium.
 11646 | D:9      | Found a radiant altar of Vehumet.
 11668 | D:9      | Noticed a two-headed ogre
 11689 | D:9      | Killed a two-headed ogre
 11689 | D:9      | Reached ***** piety under Uskayaw
 11690 | D:9      | Reached skill level 15 in Stealth
 11708 | D:9      | Slain by a troll

Illustrated notes

Levels and vault maps discovered:
D:1:      tarquinn_simple_flora_water_b, layout_basic,
          chequers_ecumenical_altar_twisty, nicolae_titane
D:2:      layout_basic, serial_co_window_serial, co_window_paths_b,
          co_window_paths_b, co_window_corner_a, co_window_paths_a,
          co_window_corner_a, co_window_paths_a, co_window_corner_cb,
          co_window_2corner, co_window_broadway_c, co_window_of_opportunity_b,
          co_window_2corner, co_window_4corner_b, glass_columns_c
D:3:      layout_basic, mainiacjoe_overflow_alcove_4, amcnicky_altar_gilded,
          gup_sewer_entry_bowl
D:4:      kennysheep_kobold_camp, layout_rooms, reono_crystal_passage,
          uniq_eustachio
D:5:      layout_loops_ring, xom_confusion_cloud, serial_shops, shop_statue,
          uniq_grinder
D:6:      old_forge, layout_cave_pools, uniq_prince_ribbit1, uniq_duvessa
D:7:      layout_rooms, marbit_many_paths, lemuel_coloured_pillars_altar,
          lemuel_crystal_altar, minmay_temple_entry_ruins, serial_demonic,
          serial_demonic_f, serial_demonic_c, serial_demonic_g,
          serial_demonic_d, serial_demonic_d
D:8:      layout_rooms, mainiacjoe_overflow_24_doors, kennysheep_generic_room_16
D:9:      layout_cave_pools, mainiacjoe_overflow_chevrons, lemuel_doored_altar,
          david_lair_generic, orc_0_dummy, serial_undead, serial_undead_f,
          serial_undead_e, serial_undead_f, serial_undead_b, serial_shops,
          nicolae_shop_trees

Skill      XL: |  1  2  3  4  5  6  7  8  9 10 |
---------------+-------------------------------+-----
Stealth        | 6 7 8 9 11 13 15 | 15.2
Short Blades   | 3 4 5 7 8 |  8.0
Fighting       | 3 4 5 6 7 |  7.5
Evocations     | 3 4 |  4.3
Dodging        | 2 |  2.2
Throwing       | |  2.0

Action                   |  1- 3 |  4- 6 |  7- 9 | 10-12 || total
-------------------------+-------+-------+-------+-------++-------
Melee: Dagger            |    58 |    86 |    56 |       ||   200
       Tentacles         |     7 |    16 |    83 |    34 ||   140
       Constrict         |     9 |    15 |    37 |    16 ||    77
       Punch             |     1 |     1 |     7 |     2 ||    11
       Quick blade       |       |       |   227 |   139 ||   366
Throw: Dart              |       |     5 |     9 |    11 ||    25
Evoke: Wand              |       |       |       |     3 ||     3
  Use: Scroll            |       |    15 |     4 |     5 ||    24
       Potion            |       |     3 |     5 |     2 ||    10
 Stab: Sleeping          |    20 |    21 |    18 |     5 ||    64
       Paralysed         |       |     1 |    14 |     8 ||    23
       Distracted        |       |       |     1 |     1 ||     2
Armor: Skin              |     5 |     7 |     3 |     1 ||    16
Dodge: Dodged            |    21 |    24 |    59 |    40 ||   144
